[ AOE2 MATCH · #494160037 ]
UnrankedTurks vs Poles
Player's team · WIN
Rival team · LOSS
[ REPLAY ANALYSIS · EXTRACTED FROM THE RECORDED GAME ]
Feudal
10:55
Castle
14:28
Imperial
30:05
| APM avg | 63.2 |
| APM peak | 126 |
| eAPM avg | 42.8 |
| Villagers / military | 196 / 188 |
Focus
⚔️ 27.5% · 🌾 72.5%
Hand Cannoneer ×158 · Bombard Cannon ×12 · Monk ×7 · Spearman ×7 · Mangonel ×4
Feudal
8:31
Castle
19:32
Imperial
36:50
| APM avg | 43.6 |
| APM peak | 77 |
| eAPM avg | 30.5 |
| Villagers / military | 249 / 161 |
Focus
⚔️ 41.2% · 🌾 58.8%
Scout Cavalry ×128 · Obuch ×16 · Battering Ram ×9 · Knight ×5 · Monk ×3
Match map
Initial resources + every placement click. Lines = walls · curves = elevation contours. ◆ gold · ⬟ stone · ● berries · ✦ relic · ◌ wall gap
Your base· Open — 4t gap
OS+ | TheKroks's base· ✓ Closed at 19:32 · 29t walls · 3 gate(s) · fragile
Smoothed initial terrain · ◌ = detected wall gap · hover for details
Inputs per minute
— Bebesona - - OS+ | TheKroks
Build order — Bebesona
First 150 of 609 actions detected
| 0:00 | Queue | Villager (Male) |
| 0:00 | Queue | Villager (Male) |
| 0:01 | Queue | Villager (Male) |
| 0:01 | Queue | Villager (Male) |
| 0:01 | Queue | Villager (Male) |
| 0:02 | Build | House |
| 0:03 | Build | House |
| 1:24 | Queue | Villager (Male) |
| 1:25 | Queue | Villager (Male) |
| 1:52 | Build | Lumber Camp |
| 2:03 | Queue | Villager (Male) |
| 2:04 | Queue | Villager (Male) |
| 2:17 | Queue | Villager (Male) |
| 2:45 | Queue | Villager (Male) |
| 2:46 | Queue | Villager (Male) |
| 2:58 | Queue | Villager (Male) |
| 3:39 | Queue | Villager (Male) |
| 3:40 | Queue | Villager (Male) |
| 3:40 | Queue | Villager (Male) |
| 4:00 | Queue | Villager (Male) |
| 4:00 | Queue | Villager (Male) |
| 4:16 | Build | House |
| 4:17 | Build | House |
| 4:18 | Build | House |
| 4:23 | Queue | Villager (Male) |
| 5:05 | Queue | Villager (Male) |
| 5:28 | Queue | Villager (Male) |
| 5:30 | Queue | Villager (Male) |
| 5:35 | Build | Mill |
| 5:43 | Build | Mill |
| 5:52 | Queue | Villager (Male) |
| 6:37 | Build | Mill |
| 6:48 | Queue | Villager (Male) |
| 6:48 | Queue | Villager (Male) |
| 7:28 | Queue | Villager (Male) |
| 7:28 | Queue | Villager (Male) |
| 8:04 | Build | Mining Camp |
| 8:15 | Research | Feudal Age |
| 8:46 | Build | Palisade Wall |
| 8:49 | Build | Palisade Wall |
| 8:57 | Build | Palisade Wall |
| 9:20 | Build | Palisade Wall |
| 9:42 | Build | House |
| 10:02 | Build | House |
| 10:04 | Build | House |
| 10:42 | Queue | Villager (Male) |
| 10:43 | Queue | Villager (Male) |
| 10:55 | Age | Feudal Age |
| 10:58 | Build | Market |
| 11:00 | Build | Blacksmith |
| 11:48 | Research | Castle Age |
| 11:48 | Research | Castle Age |
| 12:19 | Build | Farm |
| 12:21 | Build | Farm |
| 12:34 | Build | Farm |
| 12:36 | Build | Farm |
| 12:44 | Research | Double-Bit Axe |
| 12:44 | Research | Double-Bit Axe |
| 13:23 | Build | House |
| 13:55 | Queue | Villager (Male) |
| 14:28 | Age | Castle Age |
| 14:30 | Build | Town Center |
| 14:38 | Build | Town Center |
| 14:39 | Queue | Villager (Male) |
| 14:54 | Build | Siege Workshop |
| 15:07 | Queue | Villager (Male) |
| 15:25 | Queue | Mangonel |
| 15:28 | Queue | Villager (Male) |
| 15:35 | Build | Palisade Wall |
| 15:36 | Build | Palisade Wall |
| 15:37 | Build | Palisade Wall |
| 15:39 | Build | Palisade Wall |
| 15:41 | Queue | Villager (Male) |
| 15:41 | Queue | Villager (Male) |
| 16:02 | Build | Farm |
| 16:02 | Queue | Villager (Male) |
| 16:03 | Queue | Villager (Male) |
| 16:05 | Build | Farm |
| 16:27 | Build | Outpost |
| 16:29 | Build | Farm |
| 16:31 | Build | Farm |
| 16:42 | Queue | Villager (Male) |
| 16:42 | Queue | Villager (Male) |
| 16:47 | Build | Farm |
| 16:56 | Build | Mill |
| 16:57 | Queue | Villager (Male) |
| 16:57 | Queue | Villager (Male) |
| 17:01 | Build | Outpost |
| 17:18 | Build | Stone Wall |
| 17:21 | Queue | Villager (Male) |
| 17:21 | Queue | Villager (Male) |
| 17:31 | Build | Farm |
| 17:32 | Build | Farm |
| 17:34 | Build | Farm |
| 17:35 | Research | Loom |
| 17:47 | Queue | Villager (Male) |
| 17:53 | Queue | Villager (Male) |
| 18:02 | Build | Stone Wall |
| 18:06 | Queue | Villager (Male) |
| 18:07 | Queue | Villager (Male) |
| 18:07 | Queue | Villager (Male) |
| 18:09 | Build | Farm |
| 18:10 | Build | Farm |
| 18:15 | Build | Farm |
| 18:17 | Queue | Villager (Male) |
| 18:17 | Queue | Villager (Male) |
| 18:20 | Queue | Villager (Male) |
| 18:20 | Queue | Villager (Male) |
| 18:22 | Build | Gate |
| 18:29 | Build | Stone Wall |
| 18:34 | Queue | Villager (Male) |
| 18:34 | Queue | Villager (Male) |
| 18:38 | Build | Farm |
| 18:46 | Build | House |
| 18:47 | Queue | Villager (Male) |
| 18:47 | Queue | Villager (Male) |
| 18:54 | Queue | Villager (Male) |
| 18:54 | Queue | Villager (Male) |
| 19:02 | Queue | Villager (Male) |
| 19:02 | Queue | Villager (Male) |
| 19:15 | Build | Farm |
| 19:21 | Queue | Villager (Male) |
| 19:24 | Queue | Villager (Male) |
| 19:34 | Queue | Villager (Male) |
| 19:38 | Build | Monastery |
| 19:39 | Queue | Villager (Male) |
| 19:42 | Queue | Villager (Male) |
| 19:43 | Queue | Villager (Male) |
| 19:44 | Build | House |
| 19:51 | Queue | Villager (Male) |
| 19:57 | Build | House |
| 20:01 | Queue | Villager (Male) |
| 20:15 | Queue | Monk |
| 20:16 | Queue | Monk |
| 20:20 | Build | Barracks |
| 20:22 | Queue | Villager (Male) |
| 20:26 | Build | House |
| 20:34 | Queue | Villager (Male) |
| 20:37 | Build | Stone Wall |
| 20:55 | Queue | Villager (Male) |
| 21:05 | Queue | Villager (Male) |
| 21:12 | Queue | Villager (Male) |
| 21:15 | Build | House |
| 21:17 | Queue | Villager (Male) |
| 21:17 | Queue | Villager (Male) |
| 21:20 | Queue | Villager (Male) |
| 21:22 | Build | Farm |
| 21:23 | Build | Farm |
| 21:24 | Build | Farm |
| 21:26 | Build | House |
Build order — OS+ | TheKroks
First 150 of 602 actions detected
| 0:01 | Queue | Villager (Male) |
| 0:02 | Build | House |
| 0:02 | Queue | Villager (Male) |
| 0:04 | Queue | Villager (Male) |
| 0:05 | Queue | Villager (Male) |
| 0:05 | Queue | Villager (Male) |
| 0:31 | Build | Mill |
| 1:31 | Queue | Villager (Male) |
| 1:31 | Queue | Villager (Male) |
| 2:01 | Queue | Villager (Male) |
| 2:01 | Queue | Villager (Male) |
| 2:34 | Queue | Villager (Male) |
| 2:38 | Queue | Villager (Male) |
| 3:00 | Queue | Villager (Male) |
| 3:00 | Queue | Villager (Male) |
| 3:12 | Build | House |
| 3:15 | Queue | Villager (Male) |
| 3:16 | Queue | Villager (Male) |
| 4:14 | Queue | Villager (Male) |
| 4:15 | Queue | Villager (Male) |
| 4:15 | Queue | Villager (Male) |
| 4:19 | Queue | Villager (Male) |
| 4:44 | Queue | Villager (Male) |
| 4:44 | Queue | Villager (Male) |
| 4:54 | Queue | Villager (Male) |
| 4:55 | Build | Lumber Camp |
| 4:55 | Queue | Villager (Male) |
| 4:56 | Queue | Villager (Male) |
| 5:56 | Queue | Villager (Male) |
| 6:11 | Research | Feudal Age |
| 7:08 | Build | House |
| 7:15 | Queue | Villager (Male) |
| 7:52 | Queue | Villager (Male) |
| 8:00 | Build | Mining Camp |
| 8:18 | Build | Palisade Wall |
| 8:19 | Build | Palisade Wall |
| 8:21 | Build | Palisade Wall |
| 8:31 | Age | Feudal Age |
| 8:32 | Build | Watch Tower |
| 8:34 | Research | Double-Bit Axe |
| 8:35 | Research | Horse Collar |
| 8:59 | Queue | Villager (Male) |
| 9:05 | Build | Mill |
| 9:06 | Queue | Villager (Male) |
| 9:26 | Queue | Villager (Male) |
| 9:41 | Queue | Villager (Male) |
| 9:55 | Research | Stone Mining |
| 10:24 | Queue | Villager (Male) |
| 10:24 | Queue | Villager (Male) |
| 10:36 | Queue | Villager (Male) |
| 10:37 | Queue | Villager (Male) |
| 10:41 | Build | Mill |
| 11:00 | Queue | Villager (Male) |
| 11:00 | Queue | Villager (Male) |
| 11:08 | Queue | Villager (Male) |
| 11:36 | Queue | Villager (Male) |
| 11:48 | Build | Market |
| 11:57 | Build | Watch Tower |
| 12:10 | Queue | Villager (Male) |
| 12:24 | Queue | Villager (Male) |
| 12:43 | Build | Outpost |
| 12:45 | Build | Outpost |
| 12:47 | Queue | Villager (Male) |
| 12:56 | Build | Blacksmith |
| 13:19 | Build | House |
| 13:25 | Queue | Villager (Male) |
| 13:27 | Build | Farm |
| 13:29 | Build | Farm |
| 13:47 | Build | Gate |
| 14:07 | Build | Farm |
| 14:12 | Build | Farm |
| 14:17 | Queue | Villager (Male) |
| 14:23 | Build | Watch Tower |
| 14:32 | Queue | Villager (Male) |
| 14:47 | Build | Farm |
| 14:52 | Queue | Villager (Male) |
| 15:02 | Build | Stone Wall |
| 15:07 | Research | Loom |
| 15:32 | Queue | Villager (Male) |
| 15:49 | Build | Stone Wall |
| 15:50 | Build | Stone Wall |
| 15:59 | Queue | Villager (Male) |
| 16:02 | Build | Farm |
| 16:04 | Build | Farm |
| 16:11 | Build | Outpost |
| 16:20 | Build | Watch Tower |
| 16:22 | Queue | Villager (Male) |
| 16:27 | Build | Stone Wall |
| 16:28 | Build | Stone Wall |
| 16:35 | Queue | Villager (Male) |
| 16:42 | Build | Mill |
| 16:52 | Research | Castle Age |
| 16:52 | Research | Castle Age |
| 17:00 | Build | Stone Wall |
| 17:06 | Build | Barracks |
| 17:21 | Build | Watch Tower |
| 17:29 | Research | Scale Barding Armor |
| 18:08 | Build | Stable |
| 18:12 | Build | Stone Wall |
| 18:22 | Build | Outpost |
| 18:25 | Research | Forging |
| 18:29 | Build | Stone Wall |
| 18:31 | Build | Stone Wall |
| 18:34 | Queue | Villager (Male) |
| 18:44 | Build | Outpost |
| 18:45 | Queue | Villager (Male) |
| 18:54 | Queue | Villager (Male) |
| 19:02 | Build | Stable |
| 19:02 | Research | Bloodlines |
| 19:09 | Queue | Villager (Male) |
| 19:32 | Age | Castle Age |
| 19:43 | Queue | Knight |
| 19:51 | Build | Monastery |
| 20:05 | Research | Husbandry |
| 20:22 | Research | Bow Saw |
| 20:22 | Research | Bow Saw |
| 20:28 | Build | Stone Wall |
| 20:34 | Build | House |
| 20:35 | Queue | Villager (Male) |
| 20:40 | Queue | Villager (Male) |
| 20:58 | Research | Light Cavalry (upgrade) |
| 20:59 | Queue | Villager (Male) |
| 20:59 | Queue | Villager (Male) |
| 21:05 | Queue | Monk |
| 21:07 | Build | House |
| 21:19 | Build | Outpost |
| 21:27 | Build | Outpost |
| 21:38 | Queue | Scout Cavalry |
| 21:38 | Queue | Scout Cavalry |
| 21:45 | Queue | Villager (Male) |
| 21:47 | Build | Lumber Camp |
| 21:52 | Queue | Scout Cavalry |
| 21:52 | Queue | Scout Cavalry |
| 21:57 | Build | House |
| 21:57 | Queue | Villager (Male) |
| 21:58 | Queue | Villager (Male) |
| 21:58 | Queue | Villager (Male) |
| 22:09 | Build | Castle |
| 22:12 | Research | Fletching |
| 22:13 | Queue | Villager (Male) |
| 22:32 | Queue | Villager (Male) |
| 22:33 | Queue | Villager (Male) |
| 22:53 | Build | Town Center |
| 23:09 | Queue | Scout Cavalry |
| 23:09 | Queue | Scout Cavalry |
| 23:14 | Build | Mining Camp |
| 23:26 | Build | Farm |
| 23:35 | Queue | Villager (Male) |
| 23:36 | Queue | Villager (Male) |
| 23:39 | Queue | Villager (Male) |
Match timeline
| 8:18 | OS+ | TheKroks · wall_segment Palisade Wall x1 |
| 8:19 | OS+ | TheKroks · wall_segment Palisade Wall x1 |
| 8:21 | OS+ | TheKroks · wall_segment Palisade Wall x1 |
| 8:31 | OS+ | TheKroks · age_up feudal |
| 8:46 | Bebesona · wall_segment Palisade Wall x8 |
| 8:49 | Bebesona · wall_segment Palisade Wall x3 |
| 8:57 | Bebesona · wall_segment Palisade Wall x9 |
| 9:20 | Bebesona · wall_segment Palisade Wall x4 |
| 10:55 | Bebesona · age_up feudal |
| 14:18 | Bebesona · first_market_buy 100 wood |
| 14:28 | Bebesona · age_up castle |
| 14:54 | Bebesona · first_building Siege Workshop |
| 15:02 | OS+ | TheKroks · wall_segment Stone Wall x8 |
| 15:25 | Bebesona · first_market_sell 100 food |
| 15:35 | Bebesona · wall_segment Palisade Wall x1 |
| 15:36 | Bebesona · wall_segment Palisade Wall x1 |
| 15:37 | Bebesona · wall_segment Palisade Wall x1 |
| 15:39 | Bebesona · wall_segment Palisade Wall x1 |
| 15:49 | OS+ | TheKroks · wall_segment Stone Wall x1 |
| 15:50 | OS+ | TheKroks · wall_segment Stone Wall x5 |
| 16:27 | OS+ | TheKroks · wall_segment Stone Wall x1 |
| 16:28 | OS+ | TheKroks · wall_segment Stone Wall x2 |
| 17:00 | OS+ | TheKroks · wall_segment Stone Wall x1 |
| 17:06 | OS+ | TheKroks · first_building Barracks |
| 17:18 | Bebesona · wall_segment Stone Wall x2 |
| 18:02 | Bebesona · wall_segment Stone Wall x9 |
| 18:08 | OS+ | TheKroks · first_building Stable |
| 18:12 | OS+ | TheKroks · wall_segment Stone Wall x1 |
| 18:29 | Bebesona · wall_segment Stone Wall x1 |
| 18:29 | OS+ | TheKroks · wall_segment Stone Wall x3 |
| 18:31 | OS+ | TheKroks · wall_segment Stone Wall x4 |
| 19:32 | OS+ | TheKroks · age_up castle |
| 19:38 | Bebesona · first_building Monastery |
| 19:51 | OS+ | TheKroks · first_building Monastery |
| 20:20 | Bebesona · first_building Barracks |
| 20:28 | OS+ | TheKroks · wall_segment Stone Wall x7 |
| 20:37 | Bebesona · wall_segment Stone Wall x16 |
| 21:04 | OS+ | TheKroks · first_market_sell 100 wood |
| 22:09 | OS+ | TheKroks · first_building Castle |
| 23:35 | Bebesona · wall_segment Palisade Wall x1 |
| 23:36 | Bebesona · wall_segment Palisade Wall x1 |
| 23:37 | Bebesona · wall_segment Palisade Wall x1 |
| 23:50 | OS+ | TheKroks · first_building Siege Workshop |
| 24:57 | OS+ | TheKroks · wall_segment Stone Wall x8 |
| 28:14 | OS+ | TheKroks · wall_segment Stone Wall x5 |
| 28:50 | OS+ | TheKroks · first_market_buy 100 food |
| 29:39 | Bebesona · first_building Archery Range |
| 29:55 | OS+ | TheKroks · wall_segment Stone Wall x1 |
| 30:05 | Bebesona · age_up imperial |
| 36:50 | OS+ | TheKroks · age_up imperial |
| 44:23 | OS+ | TheKroks · resign |
[ AI ANALYSIS · 1 CREDIT ]
What really happened in this match?
Wolo.gg analyzes every decision: build order, eco, micro, common mistakes by bracket. Personalized analysis on WhatsApp or Discord in 30 seconds.
Civ guide
Turks
Perfil
Jugador #4388684